 Dungeon Crawl Stone Soup version 0.30-a0-4-ga7cffc901d (webtiles) character file.

Game seed: 17183710566777915458

17739 bearlyready the Brawler (level 12, -5/110 HPs)
             Began as a Ghoul Artificer on Aug 21, 2022.
             Was an Initiate of Gozag.
             Killed by Lee's Rapid Deconstruction
             ... invoked by Jorgrun
              (19 damage)
             ... while petrified by Jorgrun
             ... on level 12 of the Dungeon.
             The game lasted 00:20:26 (13380 turns).

bearlyready the Brawler (Ghoul Artificer)          Turns: 13380, Time: 00:20:26

Health: -5/110     AC: 14    Str: 21    XL:     12   Next: 51%
Magic:  0/16       EV: -1    Int:  6    God:    Gozag
Gold:   1786       SH:  0    Dex:  9    Spells: 11/11 levels left

rFire   . . .      SeeInvis +      - Unarmed
rCold   + . .      Faith    .    (no shield)
rNeg    + + +      Spirit   +    X - +4 moon troll leather armour {Spirit, Regen++ MP+5}
rPois   ∞          Reflect  .    (no helmet)
rElec   .          Harm     .    H - +0 cloak {rPois}
rCorr   .          Rampage  .    (no gloves)
Will    .....                    L - +0 pair of boots
Stlth   +.........               R - amulet of guardian spirit
HPRegen 0.00/turn                O - ring of see invisible
MPRegen 0.15/turn                V - +4 ring of protection

@: petrified, grasped by roots, inhibited regen, constricted
A: claws 1, cold resistance 1, negative energy resistance 3, inhibited
regeneration, torment resistance 2, devour on kill
a: Renounce Religion, Potion Petition, Call Merchant, Bribe Branch


You were on level 12 of the Dungeon.
You worshipped Gozag.
Gozag was most pleased with you.
You visited 2 branches of the dungeon, and saw 13 of its levels.

You collected 2452 gold pieces.
You paid 666 gold pieces to Gozag.

Inventory:

Missiles
 b - 6 javelins (quivered)
 n - 60 stones
 o - 28 poisoned darts
 A - 7 atropa-tipped darts
 T - 4 boomerangs
Armour
 a - an orb of energy
 y - an orb of guile
 H - a +0 cloak of poison resistance (worn)
 L - a +0 pair of boots (worn)
 M - a +0 plate armour
 U - a +1 chain mail of fire resistance
 X - the +4 moon troll leather armour (worn) {Spirit, Regen++ MP+5}
   (You found it on level 9 of the Dungeon)

   MP:        It affects your magic capacity (+5).
   Regen:     It increases your rate of health regeneration.
Jewellery
 p - a ring of willpower
 x - a ring of resist corrosion
 I - a ring of flight
 O - a ring of see invisible (left claw)
 Q - a +4 ring of evasion
 R - an amulet of guardian spirit (around neck)
 V - a +4 ring of protection (right claw)
Wands
 c - a wand of flame (41)
 d - a wand of charming (17)
 N - a wand of polymorph (5)
 Y - a wand of iceblast (9)
 Z - a wand of mindburst (4)
Scrolls
 e - 3 scrolls of amnesia
 f - a scroll of enchant armour
 g - a scroll of summoning
 k - 5 scrolls of teleportation
 l - a scroll of blinking {unknown}
 m - a scroll of acquirement
 q - 2 scrolls of enchant weapon
 r - 2 scrolls of vulnerability
 s - a scroll of immolation {unknown}
 u - 2 scrolls of magic mapping
 w - 2 scrolls of butterflies
 E - a scroll of poison
 J - a scroll of noise {unknown}
 W - a scroll of fear
Potions
 h - 4 potions of heal wounds
 i - 3 potions of lignification
 j - a potion of degeneration {unknown}
 t - 2 potions of attraction {unknown}
 v - 4 potions of flight
 z - 2 potions of cancellation
 B - 5 potions of curing
 C - a potion of invisibility
 D - a potion of brilliance
 F - 2 potions of mutation
 G - a potion of haste {unknown}
 P - 2 potions of might


   Skills:
 + Level 11.2 Fighting
 + Level 3.2 Throwing
 - Level 1.7 Armour
 - Level 0.8 Dodging
 - Level 1.1 Stealth
 + Level 16.7 Unarmed Combat
 - Level 7.0 Evocations


You had 11 spell levels left.
You didn't know any spells.
Your spell library contained the following spells:

 Spells                   Type           Power      Damage    Failure   Level
 Apportation              Tloc           0%         N/A       50%         1
 Magic Dart               Conj           0%         1d3       50%         1
 Necrotise                Necr           0%         1d4       50%         1
 Summon Small Mammal      Summ           0%         N/A       50%         1
 Call Imp                 Summ           0%         N/A       65%         2
 Call Canine Familiar     Summ           0%         N/A       86%         3
 Mephitic Cloud           Conj/Pois/Air  0%         N/A       86%         3
 Summon Guardian Golem    Hex/Summ       0%         N/A       86%         3
 Vampiric Draining        Necr           0%         2d6       86%         3
 Airstrike                Air            0%         2d(0-16)  99%         4
 Anguish                  Hex/Necr       0%         N/A       99%         4
 Summon Lightning Spire   Summ/Air       0%         N/A       99%         4
 Agony                    Necr           0%         N/A       100%        5
 Alistair's Intoxication  Tmut/Pois      0%         N/A       100%        5
 Iskenderun's Battlesphe  Conj           0%         2d6       100%        5
 Lightning Bolt           Conj/Air       0%         1d11      100%        5
 Iron Shot                Conj/Erth      0%         9d1       100%        6
 Enfeeble                 Hex            0%         N/A       100%        7
 Spellforged Servitor     Conj/Summ      0%         N/A       100%        7


Dungeon Overview and Level Annotations

Branches:
Dungeon (12/15)            Temple (1/1) D:7            Lair (0/5) D:11
    Orc (0/2) D:10

Altars:
Ashenzari
Cheibriados
Dithmenos
Fedhas
Gozag
Hepliaklqana
Kikubaaqudgha
Makhleb
Okawaru
Qazlal
Ru
Sif Muna
Trog
Vehumet
Wu Jian
Xom
Yredelemnul

Portals:
Trove: D:10 (give +4 ice dragon scales)

Annotations:
D:10 2 runed translucent doors
D:11 2 transporters, 3 runed translucent doors, McSplat's ghost, journeyman HOMo
D:12 4 runed translucent doors, Jorgrun


Innate Abilities, Weirdness & Mutations

You are immune to poison.
You have sharp fingernails.
Your flesh is cold resistant. (rC+)
You are immune to negative energy. (rN+++)
You do not regenerate when monsters are visible.
You are immune to unholy pain and torment.
You thrive by killing the living.


Message History

You claw Jorgrun!
Jorgrun is heavily wounded.
A wraith comes into view.
Jorgrun gestures at you while chanting.
You are slowing down.
The grasping roots constrict you!
That's the wrong kind of item! (Use * to select it.) Evoke which item? (* to show all) (? for menu, Esc to quit)
Aiming: Bolt of Light
Press: ? - help, Shift-Dir - straight line, f/p - Jorgrun
Aim: Jorgrun, wielding a staff of earth and wearing a +0 robe (heavily wounded, poisoned, 57% to hit)
The bolt of light misses Jorgrun.
Jorgrun hits you with a staff of earth! The grasping roots constrict you.
Your limbs are stiffening.
Aiming: Bolt of Light
Press: ? - help, Shift-Dir - straight line, f/p - Jorgrun
Aim: Jorgrun, wielding a staff of earth and wearing a +0 robe (heavily wounded, poisoned, 57% to hit)
The bolt of light hits Jorgrun!!
Jorgrun is severely wounded.
Jorgrun is blinded.
The now-empty wand crumbles to dust.
Jorgrun looks more healthy.
Jorgrun barely misses you. The grasping roots constrict you.
Jorgrun hits you with a staff of earth! The grasping roots constrict you!
You have turned to stone.
Jorgrun points at you and mumbles some strange words.
You struggle to resist.
The grasping roots constrict you. Jorgrun hits you but does no damage.
The grasping roots constrict you! The wraith hits you.
Jorgrun hits you but does no damage. The grasping roots constrict you!
* * * LOW HITPOINT WARNING * * *
Jorgrun hits you with a staff of earth.
* * * LOW HITPOINT WARNING * * *
Jorgrun shatters you!!
* * * LOW HITPOINT WARNING * * *
The grasping roots constrict you!
* * * LOW HITPOINT WARNING * * *
The wraith hits you!
* * * LOW HITPOINT WARNING * * *
Jorgrun gestures at you while chanting.
You shatter!!!
You die...
Your body crumbles into a pile of gold.

##. .. # .. ...## #.# ..
... ..# ....# ...#...
.#.#.. ....#
.....#(#..... ....#
.#.#.....#.# ....#
.....#....(# ....#
.#.....gW..# ....#
.......@..># ....#
...........#
..##############.########
..###...###...##.####...#
...#.............#......#
...#.............#...[..#
...#.............#......#
...#.............'......#
..##.....##......###....#


You could see Jorgrun (blind) and a wraith.

Vanquished Creatures
  Erica (D:10)
  A boulder beetle (D:11)
  2 two-headed ogres (D:11)
  Urug (D:10)
  A skeletal warrior (D:8)
  Lodul (D:11)
  A cyclops (D:12)
  An ugly thing (D:12)
  2 manticores
  2 unseen horrors (D:12)
  Psyche (D:12)
  2 spectral unseen horrors (D:8)
  2 trolls
  Sigmund (D:4)
  3 wraiths
  A vampire (D:9)
  19 yaks
  2 shadows
  6 wyverns
  A basilisk (D:11)
  A steam dragon (D:8)
  4 water moccasins
  2 orc warriors (D:10)
  A sky beast (D:7)
  An ice beast (D:6)
  2 black bears
  9 ogres
  2 centaurs
  3 kobold brigands
  3 bullfrogs
  A gnoll sergeant (D:8)
  3 necrophages
  4 scorpions
  9 wights (D:8)
  4 killer bees (D:10)
  6 howler monkeys
  A jelly (D:5)
  5 hounds
  15 orc priests
  Crazy Yiuf (D:4)
  Jessica (D:2)
  Terence (D:3)
  7 iguanas
  21 orc wizards
  A spectral killer bee (D:8)
  A killer bee simulacrum (D:8)
  14 gnolls
  10 adders
  2 white imps (D:6)
  2 ufetubi (D:5)
  3 worms
  64 orcs
  5 ball pythons
  5 endoplasms
  7 giant cockroaches
  6 goblins
  4 hobgoblins
  2 jackals (D:4)
  2 quokkas
  2 bats (D:1)
  6 frilled lizards
  18 kobolds
  6 rats
318 creatures vanquished.

Vanquished Creatures (collateral kills)
  A yak (D:10)
  A gnoll (D:2)
2 creatures vanquished.

Vanquished Creatures (others)
  A wyvern (D:10)
  An ogre (D:10)
  A gnoll (D:2)
  An orc (D:9)
  5 kobolds (D:8)
  2 fungi (D:11)
  8 plants
  23 withered plants (D:8)
42 creatures vanquished.

Grand Total: 362 creatures vanquished

Notes
Turn   | Place    | Note
-------+----------+-------------------------------------------
     0 | D:1      | bearlyready the Ghoul Artificer began the quest for the
                  | Orb.
     0 | D:1      | Reached XP level 1. HP: 16/16 MP: 0/0
    54 | D:1      | Reached skill level 1 in Unarmed Combat
   171 | D:1      | Reached XP level 2. HP: 23/23 MP: 1/1
   624 | D:1      | Reached skill level 2 in Unarmed Combat
   667 | D:1      | Found a faded altar of an unknown god.
   972 | D:2      | Reached XP level 3. HP: 18/28 MP: 2/2
  1440 | D:2      | Reached skill level 3 in Unarmed Combat
  1440 | D:2      | Reached XP level 4. HP: 32/35 MP: 3/3
  1868 | D:2      | Noticed Jessica
  1879 | D:2      | Killed Jessica
  2246 | D:2      | Reached XP level 5. HP: 28/40 MP: 4/4
  2553 | D:3      | Noticed Terence
  2555 | D:3      | Killed Terence
  2596 | D:3      | Reached skill level 4 in Unarmed Combat
  3347 | D:4      | Reached skill level 5 in Unarmed Combat
  3347 | D:4      | Reached XP level 6. HP: 44/47 MP: 5/5
  3404 | D:4      | Noticed Sigmund
  3408 | D:4      | Killed Sigmund
  3409 | D:4      | Reached skill level 6 in Unarmed Combat
  3487 | D:4      | Reached XP level 7. HP: 20/52 MP: 6/6
  3823 | D:3      | Reached skill level 7 in Unarmed Combat
  4193 | D:4      | Found a shimmering blue altar of Sif Muna.
  4830 | D:4      | Found a runed translucent door.
  4831 | D:4      | Noticed Crazy Yiuf
  5118 | D:5      | Entered Level 5 of the Dungeon
  5124 | D:5      | Reached skill level 8 in Unarmed Combat
  5227 | D:5      | Reached XP level 8. HP: 55/59 MP: 7/7
  5255 | D:5      | Reached skill level 9 in Unarmed Combat
  5404 | D:5      | Reached skill level 10 in Unarmed Combat
  5622 | D:5      | Found a shimmering altar of Xom.
  5918 | D:4      | Killed Crazy Yiuf
  5981 | D:6      | Reached skill level 11 in Unarmed Combat
  6259 | D:6      | Reached XP level 9. HP: 51/64 MP: 8/8
  6695 | D:6      | Reached skill level 12 in Unarmed Combat
  6766 | D:6      | Found an ornate altar of the Wu Jian Council.
  6767 | D:6      | Found a shimmering altar of Xom.
  6767 | D:6      | Found a blossoming altar of Fedhas.
  6768 | D:6      | Found a broken altar of Ashenzari.
  7493 | D:7      | Reached skill level 13 in Unarmed Combat
  7784 | D:7      | Found a staircase to the Ecumenical Temple.
  7914 | Temple   | Entered the Ecumenical Temple
  8058 | Temple   | Became a worshipper of Gozag Ym Sagoz the Greedy
  8530 | D:8      | Reached XP level 10. HP: 56/80 MP: 9/9
  8538 | D:8      | Reached skill level 5 in Fighting
  8538 | D:8      | Noticed a spectral unseen horror
  8663 | D:8      | Noticed a spectral unseen horror
  8670 | D:8      | Reached skill level 14 in Unarmed Combat
  8672 | D:8      | Killed a spectral unseen horror
  8844 | D:8      | Killed a spectral unseen horror
  9400 | D:8      | Noticed a skeletal warrior
  9417 | D:8      | Killed a skeletal warrior
  9696 | D:8      | Found the +4 dagger "Morg" {pain, Will+ Int+5}
 10014 | D:9      | Found the +4 moon troll leather armour {Spirit, Regen++
                  | MP+5}
 10551 | D:10     | Entered Level 10 of the Dungeon
 10567 | D:9      | Identified a scroll of acquirement
 10635 | D:10     | Reached skill level 15 in Unarmed Combat
 10635 | D:10     | Reached XP level 11. HP: 87/94 MP: 10/10
 10642 | D:10     | Reached skill level 5 in Evocations
 10749 | D:10     | Noticed Erica
 10779 | D:10     | Killed Erica
 10900 | D:10     | Found a staircase to the Orcish Mines.
 10970 | D:10     | Found a portal to a secret trove of treasure.
 11296 | D:10     | Noticed Urug
 11304 | D:10     | Killed Urug
 11456 | D:10     | Found a large runed translucent door.
 11457 | D:10     | Found a large runed translucent door.
 11962 | D:11     | Noticed a boulder beetle
 11971 | D:11     | Killed a boulder beetle
 12079 | D:11     | Found a transporter.
 12081 | D:11     | Noticed Lodul
 12166 | D:11     | Noticed a fire crab
 12212 | D:11     | Found a staircase to the Lair.
 12226 | D:10     | Reached skill level 10 in Fighting
 12226 | D:10     | Reached skill level 16 in Unarmed Combat
 12257 | D:10     | Reached XP level 12. HP: 54/106 MP: 3/11
 12425 | D:11     | Found a transporter.
 12434 | D:11     | Noticed a two-headed ogre
 12444 | D:11     | Killed a two-headed ogre
 12480 | D:11     | Noticed an orc high priest
 12529 | D:11     | Killed Lodul
 12530 | D:11     | Reached skill level 1 in Throwing
 12665 | D:11     | Found a runed translucent gate.
 12665 | D:11     | Found a runed translucent gate.
 12665 | D:11     | Found a runed translucent gate.
 12665 | D:11     | Noticed McSplat's ghost (journeyman HOMo)
 12759 | D:11     | Found a blossoming altar of Fedhas.
 12886 | D:11     | Noticed a two-headed ogre
 12906 | D:11     | Killed a two-headed ogre
 13095 | D:12     | Noticed Psyche
 13107 | D:12     | Killed Psyche
 13171 | D:12     | Found a runed translucent gate.
 13172 | D:12     | Found a runed translucent gate.
 13173 | D:12     | Found a runed translucent gate.
 13210 | D:12     | Found a runed translucent door.
 13364 | D:12     | Noticed Jorgrun
 13380 | D:12     | Killed from afar by Jorgrun

Illustrated notes

Levels and vault maps discovered:
D:1:      shiori_shiawase, layout_rooms, hellmonk_ecumenical_altar_run_dry,
          feat_on_display
D:2:      layout_loops_ring, uniq_jessica
D:3:      kennysheep_six_static_rooms, layout_rooms, uniq_terence
D:4:      layout_rooms, general_overflow_altar, nicolae_underground_beach,
          uniq_sigmund, uniq_crazy_yiuf_cottage
D:5:      layout_cave_pools, nicolae_overflow_hidden_temple,
          minmay_ruined_shrine
D:6:      layout_gridville, chequers_temple_overflow_statue_of_worship,
          kennysheep_generic_room_2
D:7:      layout_gridville, minmay_temple_entry_gardened_gates,
          david_defended_altar_orc
D:8:      layout_basic, dilly_guarded_unrand_morg
D:9:      layout_basic, hangedman_decor_riveting,
          nicolae_concentric_dashed_squares_mild
D:10:     layout_roguey, jmf_multi_god_temple2, hiddenorc2_lemuel,
          nicolae_trove_entry_columns, uniq_urug, uniq_erica
D:11:     gammafunk_wand_slinger, layout_basic, minmay_lair_entry_grove,
          ebering_ghost_rock_garden, fedhas_altar_fruit_tree, uniq_lodul
D:12:     layout_gridville, hangedman_decor_points,
          minmay_guarded_unrand_staff_of_olgreb, uniq_jorgrun, uniq_psyche
Temple:   nicolae_temple_superstar

Skill      XL: |  1  2  3  4  5  6  7  8  9 10 11 12 |
---------------+-------------------------------------+-----
Unarmed Combat | 1 2 3 5 6 8 11 13 15 16 | 16.7
Evocations     | 3 4 7 |  7.0
Fighting       | 4 7 10 11 | 11.2
Throwing       | 3 |  3.2
Armour         | |  1.7
Dodging        | |  0.8
Stealth        | |  1.1

Action                   |  1- 3 |  4- 6 |  7- 9 | 10-12 || total
-------------------------+-------+-------+-------+-------++-------
Melee: Unarmed           |    88 |   160 |   385 |   490 ||  1123
       Punch             |     2 |     1 |    23 |    39 ||    65
Throw: Stone             |       |       |       |     3 ||     3
       Dart              |       |       |       |    10 ||    10
       Throwing net      |       |       |       |     1 ||     1
Invok: Potion Petition   |       |       |       |     1 ||     1
Evoke: Wand              |     3 |     7 |     4 |    12 ||    26
  Use: Scroll            |       |       |       |    20 ||    20
       Potion            |       |       |       |     2 ||     2
 Stab: Invisible         |       |       |       |     3 ||     3
       Distracted        |       |       |       |     4 ||     4
       Sleeping          |       |       |       |     1 ||     1
       Held in net/web   |       |       |       |     2 ||     2
Armor: Leather armour    |    13 |       |       |       ||    13
       Scale mail        |    23 |    59 |    93 |       ||   175
       Plate armour      |       |       |    72 |    33 ||   105
       Troll leather arm |       |       |       |   145 ||   145
Dodge: Dodged            |    37 |    85 |   148 |   185 ||   455

Table legend: (Time is in decaauts)
 A = Elapsed time spent in this place.
 B = Non-inter-level travel time spent in this place.
 C = Inter-level travel time spent in this place.
 D = Time resting spent in this place.
 E = Time spent auto-exploring this place.
 F = Levels seen in this place.
 G = Mean time per level.
                   A        B        C        D        E       F      G
               +--------+--------+--------+--------+--------+-----+--------+
         Total |  13158 |  12566 |    592 |   1325 |   8968 |  13 | 1012.2 |
       Dungeon |  12995 |  12452 |    543 |   1325 |   8868 |  12 | 1082.9 |
        Temple |    163 |    115 |     48 |      0 |    100 |   1 |  163.0 |
               +--------+--------+--------+--------+--------+-----+--------+

Top non-repeatable levels by time:
     D:8: 1859 daAuts
     D:4: 1539 daAuts
    D:10: 1425 daAuts
     D:1: 1363 daAuts
     D:2: 1162 daAuts
     D:3: 1097 daAuts
    D:11: 984 daAuts
     D:7: 909 daAuts
     D:6: 908 daAuts
     D:5: 889 daAuts
     D:9: 558 daAuts
    D:12: 296 daAuts
  Temple: 163 daAuts
